 Dungeon Crawl Stone Soup version 0.20.1-1-g8b1a95d (webtiles) character file.

4293 tidbits the Martial Artist (level 9, -3/74 HPs)
             Began as a Demigod Transmuter on Aug 19, 2017.
             Slain by a three-headed hydra (12 damage)
             ... on level 8 of the Dungeon.
             The game lasted 00:41:41 (4032 turns).

tidbits the Martial Artist (Demigod Transmuter)     Turns: 4032, Time: 00:41:42

Health: -3/74      AC:  5    Str: 13    XL:     9   Next: 86%
Magic:  18/18      EV: 15    Int: 23    God:
Gold:   224        SH:  0    Dex: 16    Spells: 4/15 levels left

rFire    . . .     SeeInvis .     - Unarmed
rCold    . . .     Gourm    .   (no shield)
rNeg     . . .     Faith    .   B - +0 robe
rPois    .         Spirit   .   (no helmet)
rElec    .         Reflect  .   C - +2 cloak
rCorr    .         Harm     .   (no gloves)
MR       +....                  (no boots)
Stlth    +.........             j - amulet of regeneration
Regen    0.7/turn               (no ring)
MPRegen  0.2/turn               (no ring)

@: no status effects
A: blink, high mp 1, magic resistance 1, sturdy frame 1
a: Blink


You were on level 8 of the Dungeon.
You were not hungry.

You visited 1 branch of the dungeon, and saw 8 of its levels.

You collected 312 gold pieces.
You spent 88 gold pieces at shops.

Inventory:

Hand Weapons
 b - a +3 whip of electrocution
   (You took it off Pikel on level 5 of the Dungeon)
Missiles
 a - 38 arrows
Armour
 r - a +0 buckler
 B - a +0 robe (worn)
 C - a +2 cloak (worn)
 J - a +0 shield
Jewellery
 i - the amulet "Xerghial" {Harm *Drain rC+ Dex+5, unknown}
   (You found it on level 7 of the Dungeon)

   [amulet of harm]

   It increases damage dealt and taken.
   It affects your dexterity (+5).
   It protects you from cold.
   It causes draining when unequipped.
 j - an amulet of regeneration (around neck)
   (You found it on level 1 of the Dungeon)
 m - an uncursed amulet of guardian spirit {unknown}
   (You found it on level 1 of the Dungeon)
Wands
 I - a wand of lightning (3/15)
 L - a wand of iceblast (2/15)
Scrolls
 l - 2 scrolls of remove curse
 n - a scroll of random uselessness {unknown}
 o - 2 scrolls of enchant weapon
 p - a scroll of enchant armour
 q - a scroll of teleportation {unknown}
 t - a scroll of fear {unknown}
 x - a scroll of fog {unknown}
 y - a scroll of amnesia {unknown}
 F - a scroll of summoning {unknown}
 G - a scroll of noise {unknown}
Potions
 e - 4 potions of agility
 f - 3 potions of lignification {unknown}
 g - 2 potions of flight
 h - 2 potions of ambrosia
 k - 5 potions of curing
 u - a potion of haste
 w - 3 potions of brilliance
 A - 3 potions of mutation {!q}
 D - a potion of might {unknown}
 E - 2 potions of magic
 K - 2 potions of invisibility {unknown}
Books
 c - a book of Changes

   Spells                             Type                      Level
   a - Beastly Appendage              Transmutation                1
   b - Sticks to Snakes               Transmutation                2
   c - Spider Form                    Transmutation/Poison         3
   d - Ice Form                       Ice/Transmutation            4
   e - Blade Hands                    Transmutation                5
 M - a book of Conjurations
   (You found it on level 8 of the Dungeon)

   Spells                             Type                      Level
   a - Magic Dart                     Conjuration                  1
   b - Searing Ray                    Conjuration                  2
   c - Dazzling Spray                 Conjuration/Hexes            3
   d - Fulminant Prism                Conjuration/Hexes            4
   e - Force Lance                    Conjuration/Translocation    4
   f - Iskenderun's Mystic Blast      Conjuration                  4
Comestibles
 d - 5 bread rations
 s - 12 fruits
 v - 4 royal jellies
 z - 3 meat rations


   Skills:
 - Level 5.0 Fighting
 - Level 5.3 Dodging
 + Level 9.1 Unarmed Combat
 - Level 3.9 Spellcasting
 + Level 6.5 Transmutations


You had 4 spell levels left.
You knew the following spells:

 Your Spells              Type           Power        Failure   Level  Hunger
e - Beastly Appendage     Tmut           ####..       1%          1    None
h - Blade Hands           Tmut           ####......   21%         5    ######.
k - Sticks to Snakes      Tmut           ####....     1%          2    #......
p - Spider Form           Tmut/Pois      ###.......   9%          3    ###....


Dungeon Overview and Level Annotations

Branches:
Dungeon (8/15)             Temple (0/1) D:5            Lair (0/6) D:8

Shops:
D:7 [*[}

Annotations:
D:8 Gastronok


Innate Abilities, Weirdness & Mutations

You have an increased reservoir of magic. (+10% MP)
You can translocate small distances at will.
You are resistant to hostile enchantments. (MR+)
Your movements are slightly less encumbered by armour. (ER -2)


Message History

Your ball python closely misses the dream sheep.
Your ball python barely misses the dream sheep.
You hit the dream sheep.
The dream sheep is heavily wounded.
The dream sheep bites you!
Your ball python misses the dream sheep.
Your ball python grabs the dream sheep.
Your ball python constricts the dream sheep.
You slice the dream sheep!!
You kill the dream sheep!
Things that are here:
4 fruits; a dream sheep corpse You butcher the dream sheep corpse.
Things that are here:
4 fruits; a chunk of flesh
s - 4 fruits Your hands revert to their normal proportions.
You see here 4 fruits.
s - 8 fruits (gained 4)
You see here 4 fruits.
s - 12 fruits (gained 4)
You swap places.
There is an open gate here.
You see here 2 royal jellies.
v - 2 royal jellies You see here 2 royal jellies.
v - 4 royal jellies (gained 2)
You open the door.
A hydra and a big kobold come into view.
The three-headed hydra roars!
The big kobold shouts!
Found 2 meat rations and a whip.
A yak comes into view.
You swap places.
There is an open gate here.
The big kobold throws a stone.
The stone closely misses your ball python.
The stone hits you.
You see here a stone.
The three-headed hydra bites your ball python.
Your ball python dies!
The yak gores you!
Your ball python barely misses the three-headed hydra.
Your ball python bites the three-headed hydra.
Your ball python bites the three-headed hydra.
You see here a stone.
Evoke which item? (* to show all) (? for menu, Esc to quit)
Aiming: Iceblast (will waste charges)
Press: ? - help, Shift-Dir - straight line, f - three-headed hydra
Aim: a three-headed hydra The mass of ice explodes!
The iceblast engulfs the three-headed hydra.
The three-headed hydra is moderately wounded.
The iceblast engulfs the yak.
The yak is moderately wounded.
Evoking this partially-identified wand wasted a few charges.
Your ball python withers and dies!
Items here: ( ) †† a hand axe of flaming; 3 stones; a big kobold corpse x2
Evoke which item? (* to show all) (? for menu, Esc to quit)
Aiming: Lightning Bolt
Press: ? - help, Shift-Dir - straight line, p - three-headed hydra You hear a mighty clap of thunder!
The bolt of lightning hits the three-headed hydra.
The three-headed hydra is moderately wounded.
The bolt of lightning hits the three-headed hydra.
The three-headed hydra is heavily wounded.
This wand has 5 charges left.
You hear a bark!
The three-headed hydra barely misses you.
The three-headed hydra bites you! The three-headed hydra bites you.
Evoke which item? (* to show all) (? for menu, Esc to quit)
Aiming: Lightning Bolt
Press: ? - help, Shift-Dir - straight line You hear a mighty clap of thunder!
The bolt of lightning hits the three-headed hydra.
The three-headed hydra is heavily wounded.
The bolt of lightning hits the three-headed hydra.
The three-headed hydra is severely wounded.
This wand has 4 charges left.
The three-headed hydra misses you. The three-headed hydra bites you!
* * * LOW HITPOINT WARNING * * *
The three-headed hydra bites you!
* * * LOW HITPOINT WARNING * * *
Unknown command.
Evoke which item? (* to show all) (? for menu, Esc to quit)
Aiming: Lightning Bolt
Press: ? - help, Shift-Dir - straight line You hear a mighty clap of thunder!
The bolt of lightning hits the three-headed hydra.
The three-headed hydra is almost dead.
The bolt of lightning hits the yak.
The yak is heavily wounded.
The bolt of lightning hits the yak.
The yak is severely wounded.
This wand has 3 charges left.
The three-headed hydra bites you.
* * * LOW HITPOINT WARNING * * *
The three-headed hydra bites you!
* * * LOW HITPOINT WARNING * * *
The three-headed hydra bites you!
You die...

#############..........#
#.%'.....#.##########
#).#.....#.#
#+###'''##.#
#.≈P...(.#.#
#P≈≈...S.#.#
#≈≈P.KP..#.#
#P≈...%..#.#
#PP≈.≈.≈.#@#
#####.####D# #.(Y.)Y#
########


You could see a three-headed hydra and a yak.

Vanquished Creatures
  Erica (D:8)
  The ghost of tidbits the Martial Artist, a novice DgTm (D:8)
  Pikel (D:5)
  2 dream sheep (D:8)
  A yak (D:8)
  A hungry ghost (D:7)
  A hell hound (D:8)
  2 orc warriors
  A slave (D:5)
  A black bear (D:6)
  A centaur (D:8)
  2 big kobolds (D:8)
  8 bullfrogs
  A gnoll sergeant (D:7)
  2 scorpions (D:6)
  3 killer bees (D:7)
  A howler monkey (D:8)
  A crimson imp (D:7)
  A bullfrog zombie (D:7)
  3 jellies
  A hound (D:6)
  3 orc priests
  A centaur skeleton (D:5)
  2 orc wizards (D:8)
  An iguana (D:5)
  4 worker ants
  A hound zombie (D:5)
  4 gnolls (D:7)
  2 worker ant zombies (D:7)
  An adder (D:7)
  2 shadow imps (D:8)
  2 oozes (D:1)
  An adder zombie (D:7)
  An adder skeleton (D:7)
  A worm (D:6)
  A dart slug (D:1)
  3 leopard geckos
  11 orcs
  7 giant cockroaches
  3 hobgoblins (D:3)
  3 jackals (D:1)
  2 kobolds
  2 quokkas
  2 ball pythons (D:2)
  3 bats (D:1)
  3 frilled lizards
  4 goblins
  A jackal skeleton (D:5)
  A leopard gecko skeleton (D:6)
  A quokka skeleton (D:5)
  A quokka zombie (D:5)
  6 rats
116 creatures vanquished.

Vanquished Creatures (collateral kills)
  A hound (D:8)
  A bullfrog skeleton (D:4)
  A gnoll (D:7)
  A shadow imp (D:5)
  A leopard gecko zombie (D:8)
5 creatures vanquished.

Vanquished Creatures (others)
  An orc (D:5)
  A giant cockroach (D:5)
2 creatures vanquished.

Grand Total: 123 creatures vanquished

Notes
Turn   | Place    | Note
-------+----------+-------------------------------------------
     0 | D:1      | tidbits the Demigod Transmuter began the quest for the Orb.
     0 | D:1      | Reached XP level 1. HP: 15/15 MP: 5/5
   105 | D:1      | Reached skill level 3 in Unarmed Combat
   144 | D:1      | Reached XP level 2. HP: 6/22 MP: 5/7
   637 | D:2      | Learned a level 2 spell: Sticks to Snakes
   670 | D:2      | Reached XP level 3. HP: 18/27 MP: 5/8
   849 | D:2      | Found a faded altar of an unknown god.
   931 | D:3      | Reached skill level 2 in Spellcasting
   936 | D:3      | Learned a level 3 spell: Spider Form
  1356 | D:3      | Reached skill level 2 in Transmutations
  1474 | D:4      | Found a shadowy altar of Dithmenos.
  1509 | D:5      | Entered Level 5 of the Dungeon
  1658 | D:4      | Reached skill level 4 in Unarmed Combat
  1691 | D:4      | Found a stormy altar of Qazlal.
  1703 | D:4      | Reached XP level 4. HP: 34/34 MP: 1/9
  1741 | D:4      | Noticed an ogre
  1747 | D:4      | Gained mutation: You have large cloven feet. [potion of mutation]
  1747 | D:4      | Gained mutation: You are weak. (Str -2) [potion of mutation]
  1747 | D:4      | Gained mutation: You are resistant to electric shocks. (rElec) [potion of mutation]
  1748 | D:4      | Lost mutation: You have large cloven feet. [potion of mutation]
  1748 | D:4      | Lost mutation: You are weak. (Str -2) [potion of mutation]
  1748 | D:4      | Lost mutation: You are resistant to electric shocks. (rElec) [potion of mutation]
  1748 | D:4      | Gained mutation: You can translocate small distances at will. [potion of mutation]
  1748 | D:4      | Gained mutation: Your movements are slightly less encumbered by armour. (ER -2) [potion of mutation]
  1748 | D:4      | Gained mutation: You are resistant to hostile enchantments. (MR+) [potion of mutation]
  1803 | D:4      | Reached skill level 1 in Fighting
  2091 | D:6      | Reached skill level 2 in Dodging
  2091 | D:6      | Reached XP level 5. HP: 35/40 MP: 4/10
  2226 | D:6      | Found a deep blue altar of Sif Muna.
  2311 | D:5      | Found a shimmering altar of Xom.
  2311 | D:5      | Noticed a slave
  2312 | D:5      | Noticed Pikel
  2321 | D:5      | Killed a slave
  2326 | D:5      | Killed Pikel
  2326 | D:5      | Reached skill level 2 in Fighting
  2326 | D:5      | Reached skill level 3 in Dodging
  2326 | D:5      | Reached skill level 5 in Unarmed Combat
  2326 | D:5      | Reached skill level 3 in Transmutations
  2326 | D:5      | Reached XP level 6. HP: 35/50 MP: 4/11
  2326 | D:5      | Reached XP level 7. HP: 39/56 MP: 4/13
  2479 | D:6      | Reached skill level 6 in Unarmed Combat
  2599 | D:5      | Reached skill level 3 in Fighting
  2633 | D:5      | Found a staircase to the Ecumenical Temple.
  2750 | D:7      | Reached skill level 4 in Transmutations
  2785 | D:8      | Found a staircase to the Lair.
  2806 | D:7      | Found Zutiowk's Antique Armour Shoppe.
  2808 | D:7      | Found Jesea's Assorted Antiques.
  2817 | D:7      | Bought a scroll labeled XIRAULU XILUNT for 32 gold pieces
  2817 | D:7      | Bought a coppery potion for 28 gold pieces
  2817 | D:7      | Bought a fizzy golden potion for 28 gold pieces
  2857 | D:7      | Found Bumafera's Armour Emporium.
  2933 | D:7      | Found Jodoes's Gadget Boutique.
  3041 | D:7      | Reached XP level 8. HP: 54/63 MP: 8/14
  3084 | D:7      | Found an opulent altar of Gozag.
  3107 | D:7      | Reached skill level 4 in Dodging
  3167 | D:7      | Reached skill level 7 in Unarmed Combat
  3300 | D:8      | Noticed Gastronok
  3441 | D:8      | Noticed Erica
  3449 | D:8      | Killed Erica
  3449 | D:8      | Reached skill level 4 in Fighting
  3449 | D:8      | Reached skill level 3 in Spellcasting
  3449 | D:8      | Reached skill level 5 in Transmutations
  3455 | D:8      | Reached XP level 9. HP: 66/72 MP: 4/17
  3475 | D:8      | Noticed tidbits's ghost (novice DgTm)
  3504 | D:8      | Reached skill level 8 in Unarmed Combat
  3528 | D:8      | Killed tidbits's ghost
  3528 | D:8      | Reached skill level 5 in Dodging
  3575 | D:7      | Learned a level 5 spell: Blade Hands
  3691 | D:8      | Noticed a cyclops
  3692 | D:8      | Reached skill level 5 in Fighting
  3820 | D:7      | Got a sparkling tin amulet
  3841 | D:7      | Reached skill level 6 in Transmutations
  3982 | D:8      | Reached skill level 9 in Unarmed Combat
  4014 | D:8      | Noticed a three-headed hydra
  4032 | D:8      | Slain by a three-headed hydra

Skill      XL: |  1  2  3  4  5  6  7  8  9 |
---------------+----------------------------+-----
Unarmed Combat | 3 4 5 6 7 9 |  9.1
Spellcasting   | 2 3 |  3.9
Transmutations | 2 3 4 5 6 |  6.5
Fighting       | 1 2 3 4 5 |  5.0
Dodging        | 2 3 4 5 |  5.3

Action                   |  1- 3 |  4- 6 |  7- 9 || total
-------------------------+-------+-------+-------++-------
Melee: Unarmed           |   119 |    26 |   275 ||   420
       Headbutt          |    10 |       |       ||    10
       Kick              |    12 |     1 |       ||    13
       Punch             |     1 |       |     1 ||     2
 Cast: Beastly Appendage |    23 |     1 |       ||    24
       Sticks to Snakes  |     4 |     4 |    26 ||    34
       Spider Form       |     8 |     6 |    35 ||    49
       Blade Hands       |       |       |     3 ||     3
Evoke: Wand              |       |       |     6 ||     6
  Use: Scroll            |     2 |     5 |     9 ||    16
       Potion            |       |     3 |     6 ||     9
 Stab: Sleeping          |     2 |     1 |       ||     3
       Distracted        |       |     1 |     1 ||     2
  Eat: Meat ration       |     1 |       |       ||     1
       Chunk             |       |     2 |     6 ||     8
       Royal jelly       |       |     1 |     1 ||     2
       Fruit             |       |       |     6 ||     6
Armor: Robe              |    18 |       |     6 ||    24
       Skin              |     1 |       |     6 ||     7
Dodge: Dodged            |    63 |     8 |   262 ||   333

Table legend:
 A = Turns spent in this place as a percentage of turns spent in the entire game.
 B = Non-inter-level travel turns spent in this place as a percentage of non-inter-level travel turns spent in the entire game.
 C = Inter-level travel turns spent in this place as a percentage of turns spent in this place.
 D = Turns resting spent in this place as a percentage of non-inter-level travel turns spent in this place.
 E = Turns spent auto-exploring this place as a percentage of non-inter-level travel turns spent in this place.
 F = Non-inter-level travel turns spent in this place divided by the number of levels of this place that you've seen.
                   A       B       C       D       E      F
               +-------+-------+-------+-------+-------+----------------------
         Total | 100.0 | 100.0 |   0.1 |   0.0 |   0.0 | 477.2
       Dungeon | 100.0 | 100.0 |   0.1 |   0.0 |   0.0 | 477.2
               +-------+-------+-------+-------+-------+----------------------

Table legend:
 A = Kills in this place as a percentage of kills in entire the game.
 B = Kills by you in this place as a percentage of kills by you in the entire game.
 C = Kills by friends in this place as a percentage of kills by friends in the entire game.
 D = Other kills in this place as a percentage of other kills in the entire game.
 E = Experience gained in this place as a percentage of experience gained in the entire game.
 F = Experience gained in this place divided by the number of levels of this place that you have seen.
                   A       B       C       D       E      F
               +-------+-------+-------+-------+-------+----------------------
         Total | 100.0 | 100.0 | 100.0 |  -nan | 100.0 | 766.6
       Dungeon | 100.0 | 100.0 | 100.0 |  -nan | 100.0 | 766.6
               +-------+-------+-------+-------+-------+----------------------

Vault maps used:
D:1:      saegor_arrival_simple_b, minmay_misc_feat_diagonals,
          minmay_box_of_dots
D:2:      chequers_ecumenical_altar_simple
D:3:      first_bread, hangedman_decor_growths
D:4:      nicolae_dithmenos_through_a_glass_darkly, grunt_qazlal_clouds
D:5:      cheibrodos_two_vegetables, minmay_temple_entry_statues_fountains,
          basic_altar, uniq_pikel
D:6:      lemuel_crystal_altar, minivault_14
D:7:      lemuel_ice_spiral_2, grunt_gozag_breadcrumbs, serial_shops,
          nicolae_shop_window_shopping, nicolae_shop_stone, shop, shop_statue,
          shop
D:8:      minitemple, minmay_lair_entry_lava, serial_shops, shop,
          hangedman_ranch, minmay_the_grid_2x2, uniq_gastronok, uniq_erica
